 Dungeon Crawl Stone Soup version 0.26-a0-831-g7192265339 (webtiles) character file.

Game seed: 10273983844335905555

136528 reriks the Slinger (level 17, -6/135 HPs)
             Began as a Formicid Fighter on Nov 15, 2020.
             Was the Champion of Cheibriados.
             Killed by divine providence
             ... invoked by a meliai
              (9 damage)
             ... on level 15 of the Dungeon.
             The game lasted 01:01:47 (40153 turns).

reriks the Slinger (Formicid Fighter)              Turns: 40153, Time: 01:01:47

Health: -6/135     AC: 32    Str: 37    XL:     17   Next: 80%
Magic:  26/26      EV:  8    Int: 29    God:    Cheibriados [******]
Gold:   1249       SH: 35    Dex: 23    Spells: 16/16 levels left

rFire    . . .     SeeInvis +   a - +8 executioner's axe of the Horn {drain, MR+ Stlth+}
rCold    . . .     Faith    .   q - +7 tower shield
rNeg     + + +     Spirit   .   m - +4 plate armour
rPois    +         Reflect  +   (helmet unavailable)
rElec    +         Harm     .   O - +2 cloak "Kacaedghi" {+Inv rElec Dex+3}
rCorr    +         Rampage  .   I - +2 pair of gloves of Protective Custody {rPois rN+ SInv}
MR       ++...                  F - +0 pair of boots
Stlth    +++.......             y - amulet of reflection
HPRegen  0.32/turn              w - ring of Zytehy {rN+++ rCorr Dex-5 Slay+5}
MPRegen  0.20/turn              C - +4 ring of protection

@: lethally poisoned (-6 -> -11), very slow
A: permanent stasis, dig shafts and tunnels, four strong arms, antennae 3
a: Dig, Shaft Self, Bend Time, Temporal Distortion, Slouch, Step From Time,
Renounce Religion, Evoke Invisibility


You were on level 15 of the Dungeon.
You worshipped Cheibriados.
Cheibriados was exalted by your worship.
You visited 5 branches of the dungeon, and saw 26 of its levels.
You also visited: Ossuary, Gauntlet and Volcano.

You collected 2924 gold pieces.
You spent 1675 gold pieces at shops.

Inventory:

Hand Weapons
 a - the +8 executioner's axe of the Horn (weapon) {drain, MR+ Stlth+}
   (You found it on level 6 of the Lair of Beasts)

   A truly terrible weapon, it drains the life of those it strikes.
   It affects your resistance to hostile enchantments.
   It makes you more stealthy.
 b - the +5 hunting sling of Dust {flame, rF- Int+3 Dex+6 SInv}
   (You found it in a Gauntlet)

   It causes projectiles fired from it to burn those they strike, causing extra
   injury to most foes and up to half again as much damage against particularly
   susceptible opponents.
   It affects your intelligence (+3).
   It affects your dexterity (+6).
   It makes you vulnerable to fire.
   It lets you see invisible.
 p - a +3 vampiric war axe
Missiles
 c - 15 silver javelins
 J - 96 sling bullets
 N - 302 stones (quivered)
Armour
 m - a +4 plate armour (worn)
 q - a +7 tower shield (worn)
 F - a +0 pair of boots (worn)
 I - the +2 pair of gloves of Protective Custody (worn) {rPois rN+ SInv}
   (You found it on level 1 of the Lair of Beasts)

   It protects you from poison.
   It protects you from negative energy.
   It lets you see invisible.
 O - the +2 cloak "Kacaedghi" (worn) {+Inv rElec Dex+3}
   (You found it in a Gauntlet)

   It affects your dexterity (+3).
   It insulates you from electricity.
   It lets you turn invisible.
Jewellery
 n - a cursed ring of attention {unknown}
 t - the macabre finger necklace {rN+}
   (You bought it in a shop on level 9 of the Dungeon)

   [amulet of nothing]

   It protects you from negative energy.
 w - the ring of Zytehy (left hand) {rN+++ rCorr Dex-5 Slay+5}
   (You bought it in a shop on level 9 of the Dungeon)

   [ring of resist corrosion]

   It affects your dexterity (-5).
   It affects your accuracy and damage with ranged weapons and melee attacks
   (+5).
   It renders you almost immune to negative energy.
   It provides partial protection from all sources of acid and corrosion.
 x - a +4 ring of evasion
 y - an amulet of reflection (around neck)
 C - a +4 ring of protection (right hand)
Wands
 Q - a wand of acid (19)
 T - a wand of digging (5)
 V - a wand of iceblast (32)
Scrolls
 e - 4 scrolls of fear
 h - 3 scrolls of amnesia
 i - 2 scrolls of magic mapping
 k - 15 scrolls of remove curse
 B - 7 scrolls of identify
 M - a scroll of summoning
 R - 3 scrolls of fog
 U - 3 scrolls of enchant weapon
 W - a scroll of brand weapon
 Z - 3 scrolls of silence
Potions
 d - 9 potions of might
 f - 3 potions of degeneration
 g - 2 potions of mutation
 j - 5 potions of heal wounds
 l - 5 potions of lignification
 o - a potion of brilliance {unknown}
 r - 5 potions of ambrosia
 s - 14 potions of curing
 v - 3 potions of resistance
 z - 3 potions of flight
 A - 3 potions of cancellation
 D - 2 potions of attraction
 E - 3 potions of invisibility


   Skills:
 + Level 12.6 Fighting
 * Level 12.2 Axes
 * Level 14.6 Slings
 + Level 12.7 Armour
 - Level 13.8 Stealth
 + Level 13.6 Shields
 + Level 12.8 Invocations


You had 16 spell levels left.
You didn't know any spells.
Your spell library contained the following spells:

 Spells                   Type           Power        Failure   Level
 Animate Skeleton         Necr           #.....       52%         1
 Freeze                   Ice            #...         52%         1
 Magic Dart               Conj           #...         52%         1
 Pain                     Necr           #...         52%         1
 Searing Ray              Conj           #.....       67%         2
 Confusing Touch          Hex            #.......     88%         3
 Dazzling Flash           Conj/Hex       #.....       88%         3
 Frozen Ramparts          Ice            #.....       88%         3
 Gell's Gravitas          Tloc           #.........   88%         3
 Ozocubu's Armour         Ice            #.......     88%         3
 Vampiric Draining        Necr           #.........   88%         3
 Animate Dead             Necr           #.........   99%         4
 Cause Fear               Hex            #.........   99%         4
 Fulminant Prism          Conj/Hex       #.........   99%         4
 Hailstorm                Conj/Ice       #.......     99%         4
 Iskenderun's Mystic Bla  Conj/Tloc      #.......     99%         4
 Petrify                  Tmut/Erth      #.......     99%         4
 Summon Ice Beast         Ice/Summ       #.......     99%         4
 Agony                    Necr           #.......     100%        5
 Metabolic Englaciation   Hex/Ice        #.........   100%        5
 Silence                  Hex/Air        #.........   100%        5
 Yara's Violent Unravell  Hex/Tmut       #.........   100%        5
 Discord                  Hex            #.........   100%        8


Dungeon Overview and Level Annotations

Branches:
Dungeon (15/15)            Temple (1/1) D:4            Lair (6/6) D:10
 Shoals (0/4) Lair:4        Snake (2/4) Lair:4        Slime (0/5) Lair:5
    Orc (2/2) D:11            Elf (0/3) Orc:2        Vaults (0/5) D:13
 Depths (0/5) D:15        Ossuary (visited)         Volcano (visited)
Gauntlet (visited)

Altars:
Ashenzari
Cheibriados
Dithmenos
Elyvilon
Fedhas
Gozag
Hepliaklqana
Kikubaaqudgha
Makhleb
Nemelex Xobeh
Okawaru
Qazlal
Ru
Sif Muna
Trog
Uskayaw
Vehumet
Wu Jian
Xom
Yredelemnul
Zin
The Shining One

Shops:
D:9 =   D:11 [[   D:12 *   Orc:1 ?   Orc:2 [=*(   Snake:1 *

Portals:
Trove: D:11 (give 5 scrolls of fear)

Annotations:
Snake:1 3 runed translucent doors, exclusion: obsidian statue, Gygal Fez's ghost, adept MiFi


Innate Abilities, Weirdness & Mutations

You cannot be hasted, slowed, berserked, paralysed or teleported.
You can dig through walls and to a lower floor.
Your four strong arms can wield two-handed weapons with a shield.
You have a pair of large antennae on your head. (SInv)


Message History

Something smites you!
* * * LOW HITPOINT WARNING * * *
The meliai hits you but does no damage. You block the meliai's attack. x3
The meliai calls down the wrath of its god upon you.
Something smites you!
* * * LOW HITPOINT WARNING * * *
The meliai calls down the wrath of its god upon you.
Something smites you!
* * * LOW HITPOINT WARNING * * *
The meliai calls upon its god to heal the meliai.
The meliai is healed somewhat.
You slice the meliai!!
You kill the meliai!
Cheibriados thoroughly appreciates the change of pace.
You completely miss the meliai.
* * * LOW HITPOINT WARNING * * *
You feel sick.
The meliai invokes the aid of its god against you.
Something smites you!
You die...

. .u. u.... ### ..u..
##.## ..{.u##.)@#
......#(y### ####
.......(...## ##..##
≈.§≈§.......####....#
§≈§.§(.....##.##....#
§.§#(§..####..##..#.##
.≈≈§§§.....#...#.[#..#
§(§§§§...............#
§.≈§#.§.............##


You could see a meliai.

Vanquished Creatures
  An orc warlord (Orc:2)
  The ghost of mhtbhm the Peltast, a journeyman GrFi of Okawaru (D:12)
  2 entropy weavers (Lair:6)
  5 dire elephants (Lair:6)
  A minotaur (Gauntlet)
  Josephine (Orc:1)
  An ogre mage (D:12)
  2 naga warriors (Snake:1)
  4 hydras
  10 anacondas
  A boulder beetle (D:13)
  A death knight (D:14)
  7 two-headed ogres
  2 dancing weapons (D:13)
  2 centaur warriors (D:14)
  17 death yaks
  2 queen ants
  5 orc high priests
  2 naga sharpshooters (Snake:1)
  Urug (Orc:1)
  2 skeletal warriors (Volcano)
  3 naga ritualists
  5 unseen horrors
  3 orc knights
  4 harpies (D:14)
  5 mana vipers
  3 deep elf magi
  3 orc sorcerers (Orc:2)
  10 ugly things
  3 salamanders
  A manticore (D:11)
  3 cyclopes
  18 elephants
  6 naga magi
  A guardian serpent (Snake:2)
  Maurice (Orc:1)
  Joseph (D:8)
  14 cane toads
  23 black mambas
  4 gargoyles
  Psyche (D:8)
  A torpor snail (Lair:4)
  3 centaur skeletons
  Maggie (D:6)
  14 rime drakes
  17 komodo dragons
  7 trolls
  5 meliai (D:15)
  2 polar bears
  Prince Ribbit (D:8)
  7 slime creatures
  13 blink frogs
  3 hornets (Gauntlet)
  4 dream sheep (Lair:5)
  3 flying skulls (Volcano)
  3 alligator skeletons (Volcano)
  A shadow (D:14)
  33 yaks
  10 wraiths
  3 fire bats (Lair:5)
  7 wyverns
  2 steam dragons
  2 vampire mosquitoes (D:14)
  2 basilisks
  9 wargs
  10 nagas
  An acid dragon (D:14)
  23 soldier ants
  15 water moccasins
  Duvessa (D:6)
  39 orc warriors
  5 sky beasts
  5 ice beasts
  6 phantoms
  A black bear (Lair:1)
  An eye of draining (D:14)
  15 wolves
  13 ogres
  8 centaurs
  3 big kobolds
  19 bullfrogs
  3 water moccasin zombies (Ossuary)
  6 scorpions
  17 killer bees
  14 wights
  2 electric eels (Orc:1)
  A vampire bat (Lair:3)
  3 howler monkeys
  A centaur zombie (D:10)
  A bullfrog zombie (D:10)
  4 lava snakes (Snake:1)
  A quasit (D:10)
  6 jellies
  6 hounds
  19 orc priests
  4 bullfrog skeletons
  Natasha (thrice) (D:4)
  4 iguanas
  30 orc wizards
  7 hell rats (Lair:6)
  33 worker ants
  5 big kobold zombies (Ossuary)
  2 naga skeletons (Volcano)
  A hound zombie (D:8)
  2 hound skeletons
  2 mummies (Ossuary)
  2 worker ant zombies (D:10)
  9 gnolls
  2 howler monkey skeletons
  18 adders
  4 shadow imps
  3 white imps
  2 ufetubi
  An ooze (D:3)
  2 adder skeletons
  6 adder zombies
  3 worms
  13 leopard geckos
  84 orcs
  12 bats
  8 giant cockroaches
  A gnoll zombie (Ossuary)
  5 goblins
  5 hobgoblins
  13 jackals
  5 quokkas
  5 ball pythons
  7 frilled lizards
  A giant cockroach zombie (D:4)
  4 hobgoblin zombies (Ossuary)
  A jackal skeleton (D:6)
  A jackal zombie (D:6)
  20 kobolds
  7 kobold zombies (Ossuary)
  2 leopard gecko skeletons
  3 orc zombies (Ossuary)
  A quokka skeleton (D:4)
  A quokka zombie (D:6)
  5 rats
  A rat zombie (D:6)
934 creatures vanquished.

Vanquished Creatures (collateral kills)
  Dowan (D:7)
1 creature vanquished.

Vanquished Creatures (others)
  A killer bee (D:10)
  A kobold (D:14)
  A bush (Lair:6)
  67 fungi
  42 plants
112 creatures vanquished.

Grand Total: 1047 creatures vanquished

Notes
Turn   | Place    | Note
-------+----------+-------------------------------------------
     0 | D:1      | reriks the Formicid Fighter began the quest for the Orb.
     0 | D:1      | Reached XP level 1. HP: 18/18 MP: 1/1
    86 | D:1      | Reached XP level 2. HP: 15/24 MP: 2/2
   604 | D:1      | Found a stormy altar of Qazlal.
   606 | D:1      | Found an opulent altar of Gozag.
   606 | D:1      | Found a snail-covered altar of Cheibriados.
   608 | D:1      | Found a shimmering blue altar of Sif Muna.
   608 | D:1      | Found a shimmering altar of Xom.
   608 | D:1      | Found a broken altar of Ashenzari.
   829 | D:2      | Found a basalt altar of Yredelemnul.
   848 | D:2      | Reached XP level 3. HP: 29/29 MP: 3/3
  1094 | D:2      | Reached XP level 4. HP: 32/37 MP: 4/4
  1658 | D:3      | Reached XP level 5. HP: 42/42 MP: 5/5
  1958 | D:3      | You fall into a shaft and drop 1 floor!
  1971 | D:4      | Noticed an ogre
  2063 | D:4      | Found a staircase to the Ecumenical Temple.
  2071 | Temple   | Entered the Ecumenical Temple
  2132 | Temple   | Became a worshipper of Cheibriados the Contemplative
  2461 | D:3      | Reached XP level 6. HP: 30/49 MP: 6/6
  3028 | D:4      | Reached skill level 5 in Shields
  3092 | D:4      | Reached skill level 1 in Stealth
  3092 | D:4      | Reached skill level 1 in Invocations
  3363 | D:4      | Noticed Natasha
  3370 | D:4      | Killed Natasha
  3394 | D:4      | Reached XP level 7. HP: 41/55 MP: 6/8
  3496 | D:4      | Noticed Natasha
  3506 | D:4      | Killed Natasha
  3506 | D:4      | Reached * piety under Cheibriados
  3680 | D:4      | Noticed Natasha
  3682 | D:4      | Killed Natasha
  3703 | D:5      | Entered Level 5 of the Dungeon
  3720 | D:5      | Reached skill level 5 in Armour
  3772 | D:5      | Reached skill level 5 in Fighting
  4085 | D:5      | Reached XP level 8. HP: 55/62 MP: 8/10
  4897 | D:5      | Found a shadowy altar of Dithmenos.
  4897 | D:5      | Found an iron altar of Okawaru.
  4897 | D:5      | Found a glowing golden altar of the Shining One.
  4897 | D:5      | Found a hide-covered altar of Uskayaw.
  4936 | D:5      | Found a stormy altar of Qazlal.
  4956 | D:5      | Found a shimmering blue altar of Sif Muna.
  5483 | D:6      | Found a sand-covered staircase.
  5496 | Ossuary  | Entered an ossuary
  5513 | Ossuary  | Reached ** piety under Cheibriados
  5669 | Ossuary  | Reached XP level 9. HP: 69/69 MP: 12/12
  5967 | D:6      | Reached skill level 5 in Axes
  6151 | D:6      | Reached skill level 5 in Stealth
  6213 | D:6      | Noticed Maggie
  6217 | D:6      | Killed Maggie
  6218 | D:6      | Reached skill level 5 in Invocations
  6386 | D:6      | Reached *** piety under Cheibriados
  6476 | D:7      | Noticed Duvessa
  6476 | D:7      | Noticed Dowan
  6529 | D:7      | Found a blossoming altar of Fedhas.
  6906 | D:7      | Killed Dowan
  6931 | D:6      | Killed Duvessa
  7063 | D:7      | Reached XP level 10. HP: 77/77 MP: 14/14
  7201 | D:7      | Reached **** piety under Cheibriados
  7354 | D:7      | Found a blossoming altar of Fedhas.
  7549 | D:8      | Noticed Joseph
  7562 | D:8      | Killed Joseph
  8144 | D:8      | Found a white marble altar of Elyvilon.
  8307 | D:8      | Reached skill level 1 in Slings
  8418 | D:8      | Noticed Prince Ribbit
  8434 | D:8      | Killed Prince Ribbit
  8646 | D:8      | Noticed Psyche
  8651 | D:8      | Reached skill level 2 in Slings
  8652 | D:8      | Killed Psyche
  8845 | D:8      | Reached ***** piety under Cheibriados
  8935 | D:8      | Reached skill level 3 in Slings
  9464 | D:8      | Reached XP level 11. HP: 86/86 MP: 16/16
  9517 | D:8      | Found the +5 scythe "Finisher" {speed, eviscerate}
  9949 | D:9      | Reached skill level 4 in Slings
 10391 | D:9      | Found Pyfamaw's Jewellery Shop.
 10409 | D:9      | Bought an uncursed amulet of reflection for 330 gold pieces
 10998 | D:10     | Entered Level 10 of the Dungeon
 11014 | D:10     | Reached skill level 5 in Slings
 11278 | D:10     | Reached ****** piety under Cheibriados
 12119 | D:10     | Noticed an unseen horror
 12131 | D:10     | Killed an unseen horror
 12688 | D:10     | Noticed a two-headed ogre
 12717 | D:10     | Killed a two-headed ogre
 13390 | D:10     | Reached skill level 6 in Slings
 13635 | D:10     | Found a staircase to the Lair.
 13868 | D:11     | Found Inibbi Gyzoo's Armour Shoppe.
 13869 | D:11     | Found a staircase to the Orcish Mines.
 13869 | D:11     | Noticed an orc knight
 13873 | D:11     | Reached XP level 12. HP: 94/94 MP: 6/17
 13959 | D:11     | Found a gate leading to a gauntlet.
 13970 | Gauntlet | Entered a Gauntlet
 13970 | Gauntlet | Found a transporter.
 13972 | Gauntlet | Noticed a queen ant
 13980 | Gauntlet | Found a transporter.
 13983 | Gauntlet | Found a transporter.
 13984 | Gauntlet | Found a transporter.
 13995 | Gauntlet | Found a transporter.
 13996 | Gauntlet | Found a transporter.
 14000 | Gauntlet | Found a runed translucent door.
 14003 | Gauntlet | Noticed a minotaur
 14004 | Gauntlet | Found a transporter.
 14007 | Gauntlet | Found a transporter.
 14008 | Gauntlet | Found a transporter.
 14010 | Gauntlet | Noticed a wizard
 14016 | Gauntlet | Found a transporter.
 14019 | Gauntlet | Found a transporter.
 14021 | Gauntlet | Found a transporter.
 14024 | Gauntlet | Noticed a death ooze
 14029 | Gauntlet | Found a transporter.
 14068 | Gauntlet | Found a runed translucent door.
 14076 | Gauntlet | Found a transporter.
 14132 | Gauntlet | Killed a queen ant
 14273 | Gauntlet | Got a jewelled cloak
 14427 | Gauntlet | Got a pair of faintly humming gloves
 14447 | Gauntlet | Identified the cursed +0 pair of gloves of Sloth {rElec}
                  | (You found it in a Gauntlet)
 14452 | Gauntlet | Identified the +2 cloak "Kacaedghi" {+Inv rElec Dex+3} (You
                  | found it in a Gauntlet)
 14481 | Gauntlet | Killed a minotaur
 14482 | Gauntlet | Reached skill level 7 in Slings
 14510 | Gauntlet | Got an ancient hunting sling
 14511 | Gauntlet | Identified the +5 hunting sling of Dust {flame, rF- Int+3
                  | Dex+6 SInv} (You found it in a Gauntlet)
 14717 | D:11     | Found a portal to a secret trove of treasure.
 14753 | D:11     | Noticed a two-headed ogre
 14758 | D:11     | Killed a two-headed ogre
 14759 | D:11     | Reached skill level 10 in Shields
 14852 | D:11     | Found Dirran Hixy's Armour Boutique.
 14936 | D:11     | Noticed an unseen horror
 14954 | D:11     | Killed an unseen horror
 15192 | Orc:1    | Entered Level 1 of the Orcish Mines
 15770 | Orc:1    | Reached skill level 8 in Slings
 16114 | Orc:1    | Noticed Josephine
 16122 | Orc:1    | Killed Josephine
 16127 | Orc:1    | Reached XP level 13. HP: 91/101 MP: 19/19
 16537 | Orc:1    | Noticed Maurice
 16551 | Orc:1    | Killed Maurice
 16731 | Orc:1    | Noticed Urug
 16743 | Orc:1    | Killed Urug
 16992 | Orc:2    | Entered Level 2 of the Orcish Mines
 17001 | Orc:2    | Reached skill level 10 in Stealth
 17211 | Orc:2    | Reached skill level 9 in Slings
 18834 | Orc:2    | Reached skill level 10 in Fighting
 19040 | Orc:1    | Reached skill level 10 in Armour
 19469 | Orc:2    | Found Unet's Antique Weapon Shoppe.
 19809 | Orc:2    | Found Elownai's Jewellery Emporium.
 19823 | Orc:2    | Noticed an orc warlord
 19837 | Orc:2    | Killed an orc warlord
 20230 | Orc:2    | Found Ruipt's General Store.
 20261 | Orc:2    | Reached skill level 10 in Slings
 20451 | Orc:2    | Found Etros's Antique Armour Emporium.
 20621 | Orc:2    | Found a staircase to the Elven Halls.
 20779 | Orc:1    | Found Hostrim's Magic Scroll Emporium.
 20935 | Orc:1    | Bought a scroll of identify for 32 gold pieces
 20935 | Orc:1    | Bought a scroll of magic mapping for 56 gold pieces
 21212 | Lair:1   | Entered Level 1 of the Lair of Beasts
 21381 | Lair:1   | Reached XP level 14. HP: 110/110 MP: 21/21
 21582 | Lair:1   | Reached skill level 10 in Invocations
 21948 | D:9      | Bought the macabre finger necklace {rN+} for 440 gold
                  | pieces
 21948 | D:9      | Found the macabre finger necklace {rN+}
 21958 | D:9      | Bought the ring of Zytehy {rN+++ rCorr Dex-5 Slay+5} for
                  | 643 gold pieces
 22255 | Lair:1   | Got a pair of faintly glowing gloves
 22267 | Lair:1   | Identified the +2 pair of gloves of Protective Custody
                  | {rPois rN+ SInv} (You found it on level 1 of the Lair of
                  | Beasts)
 23821 | Lair:3   | Reached skill level 11 in Slings
 24898 | Lair:4   | Found a staircase to the Snake Pit.
 25168 | Lair:4   | Found a staircase to the Shoals.
 25636 | Lair:5   | Reached XP level 15. HP: 117/117 MP: 23/23
 25674 | Lair:5   | Found a dark tunnel.
 25683 | Volcano  | Entered a volcano
 26091 | Lair:5   | Reached skill level 10 in Axes
 26366 | Lair:5   | Reached skill level 12 in Slings
 26370 | Lair:5   | Found a staircase to the Slime Pits.
 26959 | Lair:6   | Entered Level 6 of the Lair of Beasts
 28652 | Lair:6   | Reached XP level 16. HP: 126/126 MP: 24/24
 30518 | Lair:6   | Reached skill level 13 in Slings
 31443 | Lair:6   | Got an iridescent executioner's axe
 31444 | Lair:6   | Identified the +8 executioner's axe of the Horn {drain, MR+
                  | Stlth+} (You found it on level 6 of the Lair of Beasts)
 31707 | Snake:1  | Entered Level 1 of the Snake Pit
 34040 | Snake:1  | Found a runed translucent gate.
 34040 | Snake:1  | Noticed Gygal Fez's ghost (adept MiFi)
 34041 | Snake:1  | Found a runed translucent gate.
 34041 | Snake:1  | Found an opulent altar of Gozag.
 34041 | Snake:1  | Found a runed translucent gate.
 34041 | Snake:1  | Found Emoivigh's Assorted Antiques.
 35167 | Snake:2  | Reached XP level 17. HP: 120/133 MP: 26/26
 36369 | D:12     | Reached skill level 14 in Slings
 36788 | D:12     | Found a runed translucent gate.
 36789 | D:12     | Found a runed translucent gate.
 36789 | D:12     | Found an opulent altar of Gozag.
 36790 | D:12     | Found a runed translucent gate.
 36792 | D:12     | Found Qelio's Assorted Antiques.
 36792 | D:12     | Noticed mhtbhm's ghost (journeyman GrFi)
 36995 | D:12     | Killed mhtbhm's ghost
 37036 | D:12     | Bought a scroll of identify for 58 gold pieces
 37036 | D:12     | Bought a potion of might for 116 gold pieces
 37458 | D:13     | Found a gate to the Vaults.
 39790 | D:15     | Entered Level 15 of the Dungeon
 39969 | D:15     | Found a stormy altar of Qazlal.
 40054 | D:15     | Found a staircase to the Depths.
 40152 | D:15     | HP: 4/135 [meliai/divine providence (14)]
 40153 | D:15     | Killed from afar by a meliai

Illustrated notes

Levels and vault maps discovered:
D:1:      tarquinn_simple_flora_water_c, layout_loops_cross, doesnt_xom_only_xom
D:2:      layout_basic, yredelemnul_altar_generic
D:3:      layout_rooms, minmay_unequal
D:4:      layout_loops_ring, minmay_temple_entry_wispy,
          minmay_stone_trees_medium, st_stairs_11, uniq_natasha
D:5:      layout_basic, minmay_overflow_temple_hex
D:6:      layout_rooms, enter_ossuary_3, grunt_ministairs_3, uniq_maggie
D:7:      layout_rooms, overflow_temple_1_default, fedhas_ov_isle_minmay,
          uniq_duvessa
D:8:      minmay_razor_zed, layout_layer_cave, elyvilon_altar_1,
          minmay_guarded_unrand_finisher, uniq_psyche, uniq_joseph,
          uniq_prince_ribbit1
D:9:      layout_gridville, serial_shops, shop, minmay_chambers_of_fives
D:10:     layout_loops_ring, erik_lair_dragon, kennysheep_kite_vault
D:11:     layout_gridville, orc_david_3, gauntlet_entry_generic, serial_shops,
          shop_statue, nicolae_trove_entry_diagonal, nrook_mini_backslash,
          minmay_microvault
D:12:     layout_stronghold, ebering_ghost_gozag
D:13:     layout_basic, erik_vaults_1
D:14:     layout_cave_pools, grunt_decor_one_mirror
D:15:     grunt_enter_depths_giant_problem, layout_cave_pools, minivault_24,
          basic_altar, minmay_misc_feat_more_columns
Temple:   nicolae_temple_god_jail
Lair:1:   layout_cave_pods, hangedman_lair_generics_rect
Lair:2:   layout_long_grid, serial_bayou_pond_d, chequers_serial_rivers_room_a,
          lemuel_fruit_tree
Lair:3:   layout_chaotic_city, serial_rivers, chequers_serial_rivers_micro_e,
          chequers_serial_rivers_micro_c, chequers_serial_rivers_room_b,
          chequers_serial_rivers_room_a, chequers_serial_rivers_micro_b,
          chequers_serial_rivers_small_a, roderic_batcave
Lair:4:   layout_cave_pods, minmay_shoals_entry_centaurs,
          guppyfry_snake_entry_island
Lair:5:   layout_roguey, minmay_slime_entry_pillars,
          nicolae_volcano_entry_batcave, portal_ice_cave_rime,
          grunt_megastairs_3
Lair:6:   due_jungle_book, layout_long_grid, zaba_anthell, grunt_megastairs_1
Snake:1:  layout_layer_cave, ebering_ghost_gozag, nicolae_snake_lava_pool
Snake:2:  layout_concentric_octagons, drop_trap, grunt_ministairs_7,
          grunt_megastairs_5
Orc:1:    layout_diamond_mine, serial_shops, nicolae_shop_crystal,
          nooodl_orcs_dogs, uniq_josephine, uniq_urug, uniq_maurice
Orc:2:    grunt_orc_gardens, layout_diamond_mine, grunt_orc_garden,
          grunt_orc_garden, grunt_orc_garden, grunt_orc_garden

Skill      XL: |  1  2  3  4  5  6  7  8  9 10 11 12 13 14 15 16 17 |
---------------+----------------------------------------------------+-----
Shields        | 4 5 6 7 8 9 10 11 12 13 | 13.6
Fighting       | 4 5 6 7 8 9 10 11 12 | 12.6
Armour         | 4 5 6 7 8 9 10 11 12 | 12.7
Axes           | 3 4 5 6 7 8 9 10 11 12 | 12.2
Stealth        | 1 3 4 6 7 8 9 10 11 12 13 | 13.8
Invocations    | 1 2 4 5 6 7 8 9 10 11 12 | 12.8
Slings         | 3 6 8 10 11 12 13 14 | 14.6

Action                   |  1- 3 |  4- 6 |  7- 9 | 10-12 | 13-15 | 16-18 || total
-------------------------+-------+-------+-------+-------+-------+-------++-------
Melee: War axe           |    70 |   200 |   385 |   519 |   955 |   108 ||  2237
       Executioner's axe |       |       |       |       |       |   271 ||   271
 Fire: Hunting sling     |       |       |       |   232 |   160 |    44 ||   436
Throw: Stone             |       |       |       |    40 |   347 |   394 ||   781
       Javelin           |       |       |       |     1 |     7 |       ||     8
Invok: Bend Time         |       |       |     1 |       |     3 |       ||     4
       Slouch            |       |       |       |     2 |     2 |     5 ||     9
 Abil: Dig               |       |       |       |       |     1 |     1 ||     2
Evoke: Wand              |       |     1 |    11 |     4 |       |       ||    16
  Use: Scroll            |       |     5 |    18 |    10 |     9 |     4 ||    46
       Potion            |       |       |       |     3 |       |       ||     3
 Stab: Sleeping          |       |       |     2 |     9 |       |     5 ||    16
       Distracted        |       |       |       |     2 |       |       ||     2
Armor: Scale mail        |    31 |    64 |    41 |       |       |       ||   136
       Swamp dragon scal |       |       |    15 |    89 |       |       ||   104
       Plate armour      |       |       |       |    13 |   248 |   167 ||   428
Dodge: Dodged            |    27 |    64 |    86 |   108 |   181 |    99 ||   565
Block: Kite shield       |    39 |    26 |       |       |       |       ||    65
       Tower shield      |       |   148 |   334 |   714 |  1368 |   749 ||  3313
       Reflection        |       |       |       |    14 |    14 |    51 ||    79

Table legend: (Time is in decaauts)
 A = Elapsed time spent in this place.
 B = Non-inter-level travel time spent in this place.
 C = Inter-level travel time spent in this place.
 D = Time resting spent in this place.
 E = Time spent auto-exploring this place.
 F = Levels seen in this place.
 G = Mean time per level.
                   A        B        C        D        E       F      G
               +--------+--------+--------+--------+--------+-----+--------+
         Total |  54141 |  51185 |   2956 |  16873 |  25241 |  29 | 1866.9 |
       Dungeon |  25325 |  23423 |   1902 |   5800 |  13311 |  15 | 1688.3 |
        Temple |     82 |     63 |     19 |      0 |     57 |   1 |   82.0 |
          Lair |  15066 |  14503 |    563 |   4465 |   7741 |   6 | 2511.0 |
     Snake Pit |   4655 |   4404 |    251 |   2490 |   1495 |   2 | 2327.5 |
  Orcish Mines |   7264 |   7044 |    220 |   3768 |   2249 |   2 | 3632.0 |
       Ossuary |    332 |    332 |      0 |     37 |      0 |   1 |  332.0 |
       Volcano |    485 |    485 |      0 |    120 |      0 |   1 |  485.0 |
      Gauntlet |    929 |    929 |      0 |    192 |    387 |   1 |  929.0 |
               +--------+--------+--------+--------+--------+-----+--------+

Top non-repeatable levels by time:
  Lair:6: 5455 daAuts
    D:10: 4204 daAuts
   Orc:2: 4113 daAuts
 Snake:1: 3229 daAuts
   Orc:1: 3150 daAuts
     D:8: 2996 daAuts
  Lair:4: 2750 daAuts
    D:14: 2177 daAuts
  Lair:5: 1983 daAuts
     D:5: 1921 daAuts
    D:13: 1912 daAuts
     D:9: 1889 daAuts
  Lair:1: 1804 daAuts
  Lair:3: 1683 daAuts
     D:6: 1603 daAuts
